 Dungeon Crawl Stone Soup version 0.21.0-25-ge575cb9 (webtiles) character file.

16373 tidbits the Covert (level 12, 0/94 HPs)
             Began as a Gnoll Assassin on Jan 23, 2018.
             Was a High Priest of Cheibriados.
             Slain by a salamander
             ... wielding a +4 trident
              (6 damage)
             ... in a volcano.
             The game lasted 01:08:48 (5696 turns).

tidbits the Covert (Gnoll Assassin)                 Turns: 5696, Time: 01:08:48

Health: 0/94       AC: 13    Str: 25    XL:     12   Next: 36%
Magic:  6/22       EV: 20    Int: 37    God:    Cheibriados [*****.]
Gold:   274        SH:  0    Dex: 31    Spells: 1/25 levels left

rFire    + . .     SeeInvis +   a - +0 demon trident (pain)
rCold    x . .     Gourm    .   (no shield)
rNeg     . . .     Faith    .   B - +0 troll leather armour
rPois    .         Spirit   .   E - +0 helmet of Hadjma {+Fly Dex+2}
rElec    +         Reflect  .   C - +1 cloak
rCorr    +         Harm     .   G - +0 pair of gloves
MR       +....                  F - +2 pair of boots
Stlth    +++++.....             (no amulet)
HPRegen  0.65/turn              J - ring of fire
MPRegen  0.18/turn              I - ring "Wowauluaci" {rCorr rElec MR+ Int+6 SInv}

@: radiating poison, very slow
A: distributed training, fangs 1, strong nose
a: Bend Time, Temporal Distortion, Slouch, Step From Time, Renounce Religion,
Evoke Flight


You were in a volcano.
You worshipped Cheibriados.
Cheibriados was extremely pleased with you.
You were not hungry.

You visited 3 branches of the dungeon, and saw 15 of its levels.
You also visited: Volcano.

You collected 604 gold pieces.
You spent 330 gold pieces at shops.

Inventory:

Hand Weapons
 a - a +0 demon trident of pain (weapon)
   (You took it off an orc on level 9 of the Dungeon)
 b - a +2 dagger of venom
   (You took it off Sonja on level 1 of the Lair of Beasts)
 g - a +0 blowgun
 v - a +4 short sword of draining
   (You took it off Duvessa on level 7 of the Dungeon)
Missiles
 o - a throwing net {!f}
 u - 22 arrows
 y - 5 javelins (quivered)
 U - 6 curare-tipped needles
 Z - 18 tomahawks
Armour
 n - a scarf of cloud immunity
   (You found it on level 2 of the Dungeon)
 B - a +0 troll leather armour (worn)
 C - a +1 cloak (worn)
 E - the +0 helmet of Hadjma (worn) {+Fly Dex+2}
   (You took it off Robin on level 4 of the Dungeon)

   It affects your dexterity (+2).
   It lets you fly.
 F - a +2 pair of boots (worn)
 G - a +0 pair of gloves (worn)
 V - a +3 leather armour
 W - a +1 robe of the Archmagi
   (You took it off an orc wizard on level 6 of the Dungeon)
Magical Staves
 e - an uncursed staff of energy {!a}
   (You found it on level 9 of the Dungeon)
 w - an uncursed staff of wizardry {!a}
   (You found it on level 9 of the Dungeon)
Jewellery
 m - a +2 ring of intelligence
   (You found it on level 8 of the Dungeon)
 I - the ring "Wowauluaci" (right hand) {rCorr rElec MR+ Int+6 SInv}
   (You found it on level 1 of the Lair of Beasts)

   [ring of resist corrosion]

   It affects your intelligence (+6).
   It insulates you from electricity.
   It affects your resistance to hostile enchantments.
   It lets you see invisible.
 J - a ring of fire (left hand)
   (You found it on level 8 of the Dungeon)
Wands
 d - a wand of digging (16)
 f - a wand of polymorph (18)
 j - a wand of enslavement (16)
 p - a wand of paralysis (1)
 A - a wand of iceblast (8)
 S - a wand of flame (48)
Scrolls
 i - a scroll of identify
 q - a scroll of immolation
 r - 3 scrolls of remove curse
 t - 3 scrolls of teleportation
 x - a scroll of torment
 X - 2 scrolls of fog
Potions
 h - a potion of ambrosia
 k - 2 potions of berserk rage
 l - a potion of brilliance
 s - a potion of flight
 D - a potion of resistance
 H - a potion of might
 K - 3 potions of lignification
 L - 2 potions of invisibility
 O - 4 potions of heal wounds
 R - 4 potions of curing
 Y - a potion of magic
Books
 z - a Young Poisoner's Handbook
   (You found it on level 6 of the Dungeon)

   Spells                             Type                      Level
   a - Sting                          Conjuration/Poison           1
   b - Poisonous Vapours              Poison/Air                   2
   c - Mephitic Cloud                 Conjuration/Poison/Air       3
   d - Olgreb's Toxic Radiance        Poison                       4
   e - Venom Bolt                     Conjuration/Poison           5
 M - a book of Burglary
   (You found it on level 2 of the Lair of Beasts)

   Spells                             Type                      Level
   a - Swiftness                      Charms/Air                   2
   b - Passwall                       Transmutation/Earth          2
   c - Passage of Golubria            Translocation                4
   d - Lee's Rapid Deconstruction     Earth                        5
   e - Darkness                       Hexes                        6
   f - Invisibility                   Hexes                        6
 N - a book of Conjurations
   (You found it on level 7 of the Dungeon)

   Spells                             Type                      Level
   a - Magic Dart                     Conjuration                  1
   b - Searing Ray                    Conjuration                  2
   c - Dazzling Spray                 Conjuration/Hexes            3
   d - Fulminant Prism                Conjuration/Hexes            4
   e - Force Lance                    Conjuration/Translocation    4
   f - Iskenderun's Mystic Blast      Conjuration                  4
 Q - a book of the Earth
   (You found it on level 3 of the Lair of Beasts)

   Spells                             Type                      Level
   a - Leda's Liquefaction            Hexes/Earth                  4
   b - Bolt of Magma                  Conjuration/Fire/Earth       5
   c - Statue Form                    Transmutation/Earth          6
   d - Iron Shot                      Conjuration/Earth            6
   e - Shatter                        Earth                        9
Comestibles
 c - 13 rations


   Skills:
 + Level 8.5 Fighting
 + Level 8.5 Short Blades
 + Level 7.1 Long Blades
 + Level 7.1 Axes
 + Level 7.1 Maces & Flails
 + Level 7.1 Polearms
 + Level 7.1 Staves
 + Level 7.1 Slings
 + Level 7.1 Bows
 + Level 7.1 Crossbows
 + Level 8.5 Throwing
 + Level 7.1 Armour
 + Level 7.6 Dodging
 + Level 10.5 Stealth
 + Level 7.1 Shields
 + Level 7.1 Unarmed Combat
 + Level 7.1 Spellcasting
 + Level 5.9 Conjurations
 + Level 5.9 Hexes
 + Level 5.9 Charms
 + Level 5.9 Summonings
 + Level 5.9 Necromancy
 + Level 5.9 Translocations
 + Level 5.9 Transmutations
 + Level 5.9 Fire Magic
 + Level 5.9 Ice Magic
 + Level 5.9 Air Magic
 + Level 5.9 Earth Magic
 + Level 5.9 Poison Magic
 + Level 7.8 Invocations
 + Level 7.1 Evocations


You had one spell level left.
You knew the following spells:

 Your Spells              Type           Power        Failure   Level  Hunger
d - Dazzling Spray        Conj/Hex       ######       1%          3    None
g - Passage of Golubria   Tloc           N/A          2%          4    None
m - Mephitic Cloud        Conj/Pois/Air  ######..     1%          3    None
o - Poisonous Vapours     Pois/Air       ######       1%          2    None
p - Passwall              Tmut/Erth      ######....   1%          2    None
s - Statue Form           Tmut/Erth      ######...    41%         6    #####..
O - Olgreb's Toxic Radia  Pois           ######..     2%          4    None


Dungeon Overview and Level Annotations

Branches:
Dungeon (11/15)            Temple (1/1) D:4            Lair (3/6) D:10
  Swamp: Lair:2-4    Shoals: Lair:2-4     Snake: Lair:2-4    Spider: Lair:2-4
    Orc: D:9-12

Altars:
Cheibriados
Fedhas
Gozag
Hepliaklqana
Kikubaaqudgha
Nemelex Xobeh
Okawaru
Ru
Sif Muna
Trog
Vehumet
Wu Jian
Xom
Yredelemnul

Shops:
D:10 !

Annotations:
D:6 exclusion: downstairs
D:10 exclusion: downstairs


Innate Abilities, Weirdness & Mutations

Your experience applies equally to all skills.
You have very sharp teeth.
Your uncanny sense of smell can sniff out nearby items.


Message History

The salamander is engulfed in noxious fumes.
The salamander misses you.
The salamander is engulfed in noxious fumes.
The salamander appears confused.
Unknown command.
You hit the salamander mystic.
You bite the salamander mystic, but do no damage.
The salamander mystic is moderately wounded.
The salamander mystic hits you with a quarterstaff.
* * * LOW HITPOINT WARNING * * *
You are engulfed in flames!
You resist.
* * * LOW HITPOINT WARNING * * *
The salamander is engulfed in noxious fumes.
The salamander appears confused.
You hit the salamander mystic.
The salamander mystic is poisoned.
You bite the salamander mystic.
The salamander mystic is heavily wounded.
In the distance, the volcano erupts with a roar.
The salamander mystic points at you and mumbles some strange words.
The bolt of magma misses you.
Press: ? - help, v - describe, . - travel, g - get item
Here: a salamander, wielding an enchanted trident (noxious fumes, moderately wounded, confused)
A great sword of flaming.
The floor.
Unknown command.
Casting: Mephitic Cloud
Confirm with . or Enter, or press ? or * to list all spells.
You begin to radiate toxic energy.
The salamander is poisoned.
The salamander mystic looks as sick as possible!
The salamander is engulfed in noxious fumes.
The salamander appears confused.
The salamander mystic misses you.
Unknown command.
Unknown command.
Unknown command.
Unknown command.
Unknown command.
You hit the salamander mystic but do no damage.
The salamander mystic is heavily wounded.
The salamander looks even sicker.
The salamander mystic looks as sick as possible!
Press: ? - help, v - describe, . - travel
Here: a salamander mystic, wielding a quarterstaff and wearing a robe (lava, heavily wounded, poisoned) Some lava.
The salamander looks even sicker.
The salamander mystic misses you. The flow of time bends around you.
Cheibriados rebukes the salamander mystic.
The salamander mystic seems to slow down.
You feel slightly more hungry.
The salamander looks even sicker.
The salamander mystic looks as sick as possible!
Your toxic aura wanes.
The salamander mystic casts a spell at the salamander.
The salamander seems to speed up.
You hit the salamander mystic but do no damage.
The salamander mystic looks as sick as possible!
You bite the salamander mystic.
The salamander mystic is severely wounded.
Your +2 dagger of venom stops dripping with poison.
Pain shudders through your arm!
a - a +0 demon trident of pain (weapon)
The salamander seems less confused.
The salamander mystic points at you and mumbles some strange words.
The orb of energy misses you.
The orb of energy explodes!
You closely miss the salamander mystic.
The salamander mystic is severely wounded.
You hit the salamander mystic.
The salamander mystic is almost dead.
The salamander mystic hits you with a quarterstaff!
* * * LOW HITPOINT WARNING * * *
You are engulfed in flames.
You resist.
* * * LOW HITPOINT WARNING * * *
The salamander misses you.
You hit the salamander mystic but do no damage.
The salamander mystic writhes in agony.
You bite the salamander mystic, but do no damage.
The salamander mystic is almost dead.
The salamander hits you but does no damage.
You hit the salamander mystic.
The salamander mystic writhes in agony.
You kill the salamander mystic!
Cheibriados appreciates the change of pace.
Casting: Olgreb's Toxic Radiance
Confirm with . or Enter, or press ? or * to list all spells.
You begin to radiate toxic energy.
The salamander looks even sicker.
The salamander hits you from afar with an enchanted spear!
* * * LOW HITPOINT WARNING * * *
You are engulfed in flames.
You resist.
* * * LOW HITPOINT WARNING * * *
Unknown command.
Unknown command.
Attack whom?
Press: ? - help, Dir - move target cursor, f - salamander, p - salamander
Aim: a salamander, wielding an enchanted spear (almost dead, poisoned)
You reach to attack!
You puncture the salamander!
You kill the salamander!
Cheibriados thoroughly appreciates the change of pace.
The salamander looks as sick as possible!
The salamander seems less confused.
The salamander hits you from afar with an enchanted trident!
* * * LOW HITPOINT WARNING * * *
You are engulfed in flames.
You resist.
You die...

#§≈§≈≈≈## §§§§≈≈≈#
.[.§≈§≈## #$!∩≈≈§§#
#.)/≈≈≈≈# #..N≈§§§#
#.)≈§≈≈# ##
########@§≈≈≈#
...##....##.##≈§##
....§......## ##
≈.≈≈≈.....#.## ##
§≈≈≈≈§§......# ≈##
≈≈≈§≈≈§§≈≈....# #§§#
≈≈≈≈≈≈≈§≈....## ##≈§≈##
≈§≈≈§§≈≈≈....# ##≈≈≈≈≈#
§≈§§§≈≈.....######≈≈§.≈≈#


You could see a salamander.

Vanquished Creatures
  A hydra (Lair:1)
  3 two-headed ogres
  A salamander mystic (Volcano)
  Sonja (Lair:1)
  A lindwurm (Lair:3)
  2 salamanders (Volcano)
  A black mamba (Lair:3)
  3 spiny frogs
  2 komodo dragons (Lair:2)
  A queen bee (shapeshifter) (D:11)
  2 trolls
  4 hippogriffs
  Grinder (D:3)
  15 yaks
  A wyvern (D:10)
  2 basilisks
  A hungry ghost (D:10)
  Duvessa (D:7)
  9 water moccasins
  An orc warrior (D:9)
  2 porcupines (Lair:3)
  3 ice beasts
  A black bear (D:9)
  A phantom (D:8)
  A necrophage (D:9)
  A sky beast (D:6)
  6 ogres
  2 centaurs
  A crocodile (Lair:1)
  6 big kobolds
  7 bullfrogs
  2 gnoll sergeants (D:9)
  Dowan (D:7)
  11 killer bees
  An electric eel (Lair:2)
  5 howler monkeys
  3 bullfrog zombies
  2 orc priests
  2 bullfrog skeletons
  Crazy Yiuf (D:4)
  4 hounds
  10 orc wizards
  Jessica (D:2)
  3 iguanas
  4 worker ants
  Robin (D:4)
  2 howler monkey skeletons
  10 gnolls
  5 adders
  6 river rats (D:6)
  2 shadow imps
  2 oozes
  An adder skeleton (D:9)
  2 worms
  A dart slug (D:1)
  7 leopard geckos
  44 orcs
  2 giant cockroaches
  13 goblins
  5 hobgoblins
  6 jackals
  9 kobolds
  6 quokkas
  2 bats (D:2)
  3 frilled lizards
  A jackal skeleton (D:4)
  A leopard gecko skeleton (D:9)
  A leopard gecko zombie (D:8)
  17 rats
283 creatures vanquished.

Vanquished Creatures (others)
  A fungus (Lair:1)
1 creature vanquished.

Grand Total: 284 creatures vanquished

Notes
Turn   | Place    | Note
-------+----------+-------------------------------------------
     0 | D:1      | tidbits the Gnoll Assassin began the quest for the Orb.
     0 | D:1      | Reached XP level 1. HP: 20/20 MP: 1/1
   115 | D:1      | Reached XP level 2. HP: 25/26 MP: 2/2
   529 | D:1      | Reached XP level 3. HP: 25/31 MP: 3/3
   688 | D:3      | Noticed Grinder
   702 | D:2      | Noticed Jessica
   711 | D:2      | Killed Jessica
   711 | D:2      | Reached skill level 1 in Long Blades
   711 | D:2      | Reached skill level 1 in Axes
   711 | D:2      | Reached skill level 1 in Maces & Flails
   711 | D:2      | Reached skill level 1 in Polearms
   711 | D:2      | Reached skill level 1 in Staves
   711 | D:2      | Reached skill level 1 in Slings
   711 | D:2      | Reached skill level 1 in Bows
   711 | D:2      | Reached skill level 1 in Crossbows
   711 | D:2      | Reached skill level 1 in Armour
   711 | D:2      | Reached skill level 1 in Shields
   711 | D:2      | Reached skill level 1 in Unarmed Combat
   711 | D:2      | Reached skill level 1 in Spellcasting
   711 | D:2      | Reached skill level 1 in Invocations
   711 | D:2      | Reached skill level 1 in Evocations
   711 | D:2      | Reached XP level 4. HP: 38/38 MP: 5/5
   805 | D:2      | Found a deep blue altar of Sif Muna.
  1023 | D:3      | Killed Grinder
  1023 | D:3      | Reached skill level 3 in Dodging
  1023 | D:3      | Reached skill level 8 in Stealth
  1023 | D:3      | Reached skill level 1 in Conjurations
  1023 | D:3      | Reached skill level 1 in Hexes
  1023 | D:3      | Reached skill level 1 in Charms
  1023 | D:3      | Reached skill level 1 in Summonings
  1023 | D:3      | Reached skill level 1 in Necromancy
  1023 | D:3      | Reached skill level 1 in Translocations
  1023 | D:3      | Reached skill level 1 in Transmutations
  1023 | D:3      | Reached skill level 1 in Fire Magic
  1023 | D:3      | Reached skill level 1 in Ice Magic
  1023 | D:3      | Reached skill level 1 in Air Magic
  1023 | D:3      | Reached skill level 1 in Earth Magic
  1023 | D:3      | Reached skill level 1 in Poison Magic
  1023 | D:3      | Reached skill level 2 in Invocations
  1023 | D:3      | Reached XP level 5. HP: 43/43 MP: 5/7
  1023 | D:3      | Reached XP level 6. HP: 50/50 MP: 5/8
  1150 | D:4      | Noticed Robin
  1185 | D:4      | Killed Robin
  1188 | D:4      | Got a shimmering helmet
  1198 | D:3      | Identified the cursed +0 helmet of Hadjma {+Fly Dex+2} (You took it off Robin on level 4 of the Dungeon)
  1215 | D:4      | Reached skill level 5 in Fighting
  1215 | D:4      | Reached skill level 5 in Short Blades
  1215 | D:4      | Reached skill level 5 in Throwing
  1290 | D:4      | Reached skill level 2 in Long Blades
  1290 | D:4      | Reached skill level 2 in Axes
  1290 | D:4      | Reached skill level 2 in Maces & Flails
  1290 | D:4      | Reached skill level 2 in Polearms
  1290 | D:4      | Reached skill level 2 in Staves
  1290 | D:4      | Reached skill level 2 in Slings
  1290 | D:4      | Reached skill level 2 in Bows
  1290 | D:4      | Reached skill level 2 in Crossbows
  1290 | D:4      | Reached skill level 2 in Armour
  1290 | D:4      | Reached skill level 2 in Shields
  1290 | D:4      | Reached skill level 2 in Unarmed Combat
  1290 | D:4      | Reached skill level 2 in Spellcasting
  1290 | D:4      | Reached skill level 2 in Evocations
  1586 | D:5      | Entered Level 5 of the Dungeon
  1791 | D:5      | Reached XP level 7. HP: 39/56 MP: 10/10
  1942 | D:6      | Reached skill level 2 in Conjurations
  1942 | D:6      | Reached skill level 2 in Hexes
  1942 | D:6      | Reached skill level 2 in Charms
  1942 | D:6      | Reached skill level 2 in Summonings
  1942 | D:6      | Reached skill level 2 in Necromancy
  1942 | D:6      | Reached skill level 2 in Translocations
  1942 | D:6      | Reached skill level 2 in Transmutations
  1942 | D:6      | Reached skill level 2 in Fire Magic
  1942 | D:6      | Reached skill level 2 in Ice Magic
  1942 | D:6      | Reached skill level 2 in Air Magic
  1942 | D:6      | Reached skill level 2 in Earth Magic
  1942 | D:6      | Reached skill level 2 in Poison Magic
  2059 | D:6      | Reached skill level 3 in Invocations
  2075 | D:7      | Noticed a hippogriff
  2084 | D:6      | Learned a level 3 spell: Mephitic Cloud
  2087 | D:6      | Learned a level 2 spell: Poisonous Vapours
  2204 | D:6      | Reached XP level 8. HP: 63/63 MP: 12/12
  2300 | D:5      | Reached skill level 3 in Long Blades
  2300 | D:5      | Reached skill level 3 in Axes
  2300 | D:5      | Reached skill level 3 in Maces & Flails
  2300 | D:5      | Reached skill level 3 in Polearms
  2300 | D:5      | Reached skill level 3 in Staves
  2300 | D:5      | Reached skill level 3 in Slings
  2300 | D:5      | Reached skill level 3 in Bows
  2300 | D:5      | Reached skill level 3 in Crossbows
  2300 | D:5      | Reached skill level 3 in Armour
  2300 | D:5      | Reached skill level 4 in Dodging
  2300 | D:5      | Reached skill level 3 in Shields
  2300 | D:5      | Reached skill level 3 in Unarmed Combat
  2300 | D:5      | Reached skill level 3 in Spellcasting
  2300 | D:5      | Reached skill level 3 in Evocations
  2501 | D:4      | Found a runed door.
  2505 | D:4      | Noticed Crazy Yiuf
  2509 | D:4      | Killed Crazy Yiuf
  2539 | D:4      | Found a staircase to the Ecumenical Temple.
  2543 | Temple   | Entered the Ecumenical Temple
  2583 | Temple   | Became a worshipper of Cheibriados the Contemplative
  2728 | D:6      | Reached * piety under Cheibriados
  2796 | D:7      | Killed a hippogriff
  2821 | D:7      | Reached skill level 4 in Invocations
  2875 | D:7      | Noticed Dowan
  2972 | D:7      | Learned a level 3 spell: Dazzling Spray
  3048 | D:7      | Reached skill level 3 in Conjurations
  3048 | D:7      | Reached skill level 3 in Hexes
  3048 | D:7      | Reached skill level 3 in Charms
  3048 | D:7      | Reached skill level 3 in Summonings
  3048 | D:7      | Reached skill level 3 in Necromancy
  3048 | D:7      | Reached skill level 3 in Translocations
  3048 | D:7      | Reached skill level 3 in Transmutations
  3048 | D:7      | Reached skill level 3 in Fire Magic
  3048 | D:7      | Reached skill level 3 in Ice Magic
  3048 | D:7      | Reached skill level 3 in Air Magic
  3048 | D:7      | Reached skill level 3 in Earth Magic
  3048 | D:7      | Reached skill level 3 in Poison Magic
  3051 | D:7      | Reached XP level 9. HP: 54/69 MP: 9/14
  3057 | D:7      | Reached skill level 6 in Fighting
  3057 | D:7      | Reached skill level 6 in Short Blades
  3057 | D:7      | Reached skill level 6 in Throwing
  3151 | D:7      | Noticed Duvessa
  3159 | D:7      | Killed Dowan
  3173 | D:7      | Killed Duvessa
  3240 | D:8      | Reached ** piety under Cheibriados
  3244 | D:8      | Reached skill level 4 in Long Blades
  3244 | D:8      | Reached skill level 4 in Axes
  3244 | D:8      | Reached skill level 4 in Maces & Flails
  3244 | D:8      | Reached skill level 4 in Polearms
  3244 | D:8      | Reached skill level 4 in Staves
  3244 | D:8      | Reached skill level 4 in Slings
  3244 | D:8      | Reached skill level 4 in Bows
  3244 | D:8      | Reached skill level 4 in Crossbows
  3244 | D:8      | Reached skill level 4 in Armour
  3244 | D:8      | Reached skill level 4 in Shields
  3244 | D:8      | Reached skill level 4 in Unarmed Combat
  3244 | D:8      | Reached skill level 4 in Spellcasting
  3244 | D:8      | Reached skill level 4 in Evocations
  3332 | D:8      | Noticed a two-headed ogre
  3338 | D:8      | Killed a two-headed ogre
  3338 | D:8      | Reached skill level 5 in Dodging
  3338 | D:8      | Reached skill level 9 in Stealth
  3499 | D:9      | Reached skill level 5 in Invocations
  3562 | D:9      | Reached XP level 10. HP: 45/77 MP: 8/17
  3579 | D:9      | Reached skill level 4 in Conjurations
  3579 | D:9      | Reached skill level 4 in Hexes
  3579 | D:9      | Reached skill level 4 in Charms
  3579 | D:9      | Reached skill level 4 in Summonings
  3579 | D:9      | Reached skill level 4 in Necromancy
  3579 | D:9      | Reached skill level 4 in Translocations
  3579 | D:9      | Reached skill level 4 in Transmutations
  3579 | D:9      | Reached skill level 4 in Fire Magic
  3579 | D:9      | Reached skill level 4 in Ice Magic
  3579 | D:9      | Reached skill level 4 in Air Magic
  3579 | D:9      | Reached skill level 4 in Earth Magic
  3579 | D:9      | Reached skill level 4 in Poison Magic
  3615 | D:9      | Reached skill level 5 in Long Blades
  3615 | D:9      | Reached skill level 5 in Axes
  3615 | D:9      | Reached skill level 5 in Maces & Flails
  3615 | D:9      | Reached skill level 5 in Polearms
  3615 | D:9      | Reached skill level 5 in Staves
  3615 | D:9      | Reached skill level 5 in Slings
  3615 | D:9      | Reached skill level 5 in Bows
  3615 | D:9      | Reached skill level 5 in Crossbows
  3615 | D:9      | Reached skill level 5 in Armour
  3615 | D:9      | Reached skill level 5 in Shields
  3615 | D:9      | Reached skill level 5 in Unarmed Combat
  3615 | D:9      | Reached skill level 5 in Spellcasting
  3615 | D:9      | Reached skill level 5 in Evocations
  3668 | D:9      | Reached *** piety under Cheibriados
  3814 | D:10     | Entered Level 10 of the Dungeon
  3824 | D:10     | Noticed a two-headed ogre
  3829 | D:10     | Reached skill level 7 in Fighting
  3829 | D:10     | Reached skill level 7 in Short Blades
  3829 | D:10     | Reached skill level 7 in Throwing
  3834 | D:10     | Killed a two-headed ogre
  3834 | D:10     | Reached skill level 6 in Dodging
  4001 | D:10     | Reached skill level 6 in Invocations
  4024 | D:11     | Noticed a two-headed ogre
  4095 | D:10     | Reached **** piety under Cheibriados
  4172 | D:10     | Found Loukkeg's Distillery.
  4178 | D:10     | Bought a potion of heal wounds for 55 gold pieces
  4178 | D:10     | Bought 2 potions of lignification for 66 gold pieces
  4178 | D:10     | Bought a potion of resistance for 110 gold pieces
  4178 | D:10     | Bought a potion of invisibility for 88 gold pieces
  4181 | D:10     | Bought a potion of degeneration for 11 gold pieces
  4185 | D:10     | Found a sacrificial altar of Ru.
  4201 | D:10     | Learned a level 4 spell: Olgreb's Toxic Radiance
  4494 | D:9      | Reached XP level 11. HP: 81/84 MP: 19/19
  4707 | D:10     | Found a blossoming altar of Fedhas.
  4764 | D:10     | Found a staircase to the Lair.
  4822 | D:11     | Noticed a fire crab
  4840 | D:11     | a fire crab changed into a queen bee
  4862 | D:11     | Killed a two-headed ogre
  4862 | D:11     | Reached skill level 6 in Long Blades
  4862 | D:11     | Reached skill level 6 in Axes
  4862 | D:11     | Reached skill level 6 in Maces & Flails
  4862 | D:11     | Reached skill level 6 in Polearms
  4862 | D:11     | Reached skill level 6 in Staves
  4862 | D:11     | Reached skill level 6 in Slings
  4862 | D:11     | Reached skill level 6 in Bows
  4862 | D:11     | Reached skill level 6 in Crossbows
  4862 | D:11     | Reached skill level 6 in Armour
  4862 | D:11     | Reached skill level 6 in Shields
  4862 | D:11     | Reached skill level 6 in Unarmed Combat
  4862 | D:11     | Reached skill level 6 in Spellcasting
  4862 | D:11     | Reached skill level 6 in Evocations
  4867 | D:11     | Reached skill level 5 in Conjurations
  4867 | D:11     | Reached skill level 5 in Hexes
  4867 | D:11     | Reached skill level 5 in Charms
  4867 | D:11     | Reached skill level 5 in Summonings
  4867 | D:11     | Reached skill level 5 in Necromancy
  4867 | D:11     | Reached skill level 5 in Translocations
  4867 | D:11     | Reached skill level 5 in Transmutations
  4867 | D:11     | Reached skill level 5 in Fire Magic
  4867 | D:11     | Reached skill level 5 in Ice Magic
  4867 | D:11     | Reached skill level 5 in Air Magic
  4867 | D:11     | Reached skill level 5 in Earth Magic
  4867 | D:11     | Reached skill level 5 in Poison Magic
  4927 | Lair:1   | Entered Level 1 of the Lair of Beasts
  4995 | Lair:1   | Reached ***** piety under Cheibriados
  5012 | Lair:1   | Noticed a four-headed hydra
  5023 | Lair:2   | Reached skill level 10 in Stealth
  5104 | Lair:1   | Killed a four-headed hydra
  5104 | Lair:1   | Reached skill level 7 in Invocations
  5169 | Lair:1   | Reached skill level 8 in Fighting
  5169 | Lair:1   | Reached skill level 8 in Short Blades
  5169 | Lair:1   | Reached skill level 8 in Throwing
  5169 | Lair:1   | Reached skill level 7 in Dodging
  5173 | Lair:1   | Learned a level 2 spell: Passwall
  5178 | Lair:1   | Learned a level 4 spell: Passage of Golubria
  5198 | Lair:1   | Found a basalt altar of Yredelemnul.
  5211 | Lair:1   | Noticed Sonja
  5224 | Lair:1   | Killed Sonja
  5251 | Lair:1   | Got a flickering lead ring
  5252 | Lair:1   | Identified the ring "Wowauluaci" {rCorr rElec MR+ Int+6 SInv} (You found it on level 1 of the Lair of Beasts)
  5335 | Lair:2   | Reached XP level 12. HP: 78/93 MP: 8/22
  5568 | Lair:3   | Found a dark tunnel.
  5584 | Lair:3   | Reached skill level 7 in Long Blades
  5584 | Lair:3   | Reached skill level 7 in Axes
  5584 | Lair:3   | Reached skill level 7 in Maces & Flails
  5584 | Lair:3   | Reached skill level 7 in Polearms
  5584 | Lair:3   | Reached skill level 7 in Staves
  5584 | Lair:3   | Reached skill level 7 in Slings
  5584 | Lair:3   | Reached skill level 7 in Bows
  5584 | Lair:3   | Reached skill level 7 in Crossbows
  5584 | Lair:3   | Reached skill level 7 in Armour
  5584 | Lair:3   | Reached skill level 7 in Shields
  5584 | Lair:3   | Reached skill level 7 in Unarmed Combat
  5584 | Lair:3   | Reached skill level 7 in Spellcasting
  5584 | Lair:3   | Reached skill level 7 in Evocations
  5629 | Lair:3   | Learned a level 6 spell: Statue Form
  5633 | Volcano  | Entered a volcano
  5696 | Volcano  | HP: 6/94 [salamander/enchanted trident (9)]
  5696 | Volcano  | Slain by a salamander

Skill      XL: |  1  2  3  4  5  6  7  8  9 10 11 12 |
---------------+-------------------------------------+-----
Long Blades    | 1 2 3 4 5 6 7 |  7.1
Axes           | 1 2 3 4 5 6 7 |  7.1
Maces & Flails | 1 2 3 4 5 6 7 |  7.1
Polearms       | 1 2 3 4 5 6 7 |  7.1
Staves         | 1 2 3 4 5 6 7 |  7.1
Slings         | 1 2 3 4 5 6 7 |  7.1
Bows           | 1 2 3 4 5 6 7 |  7.1
Crossbows      | 1 2 3 4 5 6 7 |  7.1
Armour         | 1 2 3 4 5 6 7 |  7.1
Shields        | 1 2 3 4 5 6 7 |  7.1
Unarmed Combat | 1 2 3 4 5 6 7 |  7.1
Spellcasting   | 1 2 3 4 5 6 7 |  7.1
Invocations    | 1 2 3 4 5 6 7 |  7.8
Evocations     | 1 2 3 4 5 6 7 |  7.1
Dodging        | 3 4 5 6 7 |  7.6
Stealth        | 8 9 10 | 10.5
Conjurations   | 1 2 3 4 5 |  5.9
Hexes          | 1 2 3 4 5 |  5.9
Charms         | 1 2 3 4 5 |  5.9
Summonings     | 1 2 3 4 5 |  5.9
Necromancy     | 1 2 3 4 5 |  5.9
Translocations | 1 2 3 4 5 |  5.9
Transmutations | 1 2 3 4 5 |  5.9
Fire Magic     | 1 2 3 4 5 |  5.9
Ice Magic      | 1 2 3 4 5 |  5.9
Air Magic      | 1 2 3 4 5 |  5.9
Earth Magic    | 1 2 3 4 5 |  5.9
Poison Magic   | 1 2 3 4 5 |  5.9
Fighting       | 5 6 7 8 |  8.5
Short Blades   | 5 6 7 8 |  8.5
Throwing       | 5 6 7 8 |  8.5

Action                   |  1- 3 |  4- 6 |  7- 9 | 10-12 || total
-------------------------+-------+-------+-------+-------++-------
Melee: Dagger            |    55 |    55 |    33 |    18 ||   161
       Bite              |     5 |    10 |    33 |    47 ||    95
       Unarmed           |       |     8 |       |    32 ||    40
       Short sword       |       |    33 |   249 |    98 ||   380
       Punch             |       |       |     5 |    14 ||    19
       Demon trident     |       |       |       |   156 ||   156
 Fire: Blowgun           |     2 |    54 |     2 |       ||    58
Throw: Stone             |       |     1 |       |       ||     1
       Javelin           |       |       |       |     8 ||     8
 Cast: Mephitic Cloud    |       |       |     9 |     4 ||    13
       Poisonous Vapours |       |       |    14 |    27 ||    41
       Dazzling Spray    |       |       |       |     9 ||     9
       Olgreb's Toxic Ra |       |       |       |    15 ||    15
       Passage of Golubr |       |       |       |     4 ||     4
Invok: Bend Time         |       |       |     1 |     2 ||     3
       Slouch            |       |       |       |     1 ||     1
Evoke: Wand              |       |     2 |    12 |     5 ||    19
  Use: Scroll            |       |     6 |     2 |     6 ||    14
       Potion            |       |     4 |       |     6 ||    10
 Stab: Sleeping          |     7 |     4 |    11 |    16 ||    38
       Distracted        |       |     1 |     1 |     2 ||     4
       Paralysed         |       |     1 |     7 |     2 ||    10
       Confused          |       |       |     4 |     3 ||     7
       Invisible         |       |       |       |     3 ||     3
  Eat: Ration            |       |     1 |     1 |     2 ||     4
       Chunk             |       |       |     2 |       ||     2
Armor: Robe              |     9 |    10 |    36 |     3 ||    58
       Skin              |       |     9 |       |    57 ||    66
       Ring mail         |       |     4 |       |       ||     4
       Troll leather arm |       |       |       |    55 ||    55
Dodge: Dodged            |    35 |    40 |   162 |   236 ||   473

Table legend:
 A = Turns spent in this place as a percentage of turns spent in the entire game.
 B = Non-inter-level travel turns spent in this place as a percentage of non-inter-level travel turns spent in the entire game.
 C = Inter-level travel turns spent in this place as a percentage of turns spent in this place.
 D = Turns resting spent in this place as a percentage of non-inter-level travel turns spent in this place.
 E = Turns spent auto-exploring this place as a percentage of non-inter-level travel turns spent in this place.
 F = Non-inter-level travel turns spent in this place divided by the number of levels of this place that you've seen.
                   A       B       C       D       E      F
               +-------+-------+-------+-------+-------+----------------------
         Total | 100.0 | 100.0 |   5.7 |   0.0 |   0.0 | 335.6
       Dungeon |  85.6 |  85.9 |   5.4 |   0.0 |   0.0 | 419.2
        Temple |   0.9 |   0.8 |  20.8 |   0.0 |   0.0 |  42.0
          Lair |  12.4 |  12.2 |   7.4 |   0.0 |   0.0 | 218.0
       Volcano |   1.1 |   1.2 |   0.0 |   0.0 |   0.0 |  63.0
               +-------+-------+-------+-------+-------+----------------------

Table legend:
 A = Kills in this place as a percentage of kills in entire the game.
 B = Kills by you in this place as a percentage of kills by you in the entire game.
 C = Kills by friends in this place as a percentage of kills by friends in the entire game.
 D = Other kills in this place as a percentage of other kills in the entire game.
 E = Experience gained in this place as a percentage of experience gained in the entire game.
 F = Experience gained in this place divided by the number of levels of this place that you have seen.
                   A       B       C       D       E      F
               +-------+-------+-------+-------+-------+----------------------
         Total | 100.0 | 100.0 |   N/A | 100.0 | 100.0 | 1461.9
       Dungeon |  84.8 |  84.8 |   N/A | 100.0 |  49.3 | 1048.2
          Lair |  14.1 |  14.2 |   N/A |   0.0 |  42.9 | 3341.3
       Volcano |   1.1 |   1.1 |   N/A |   0.0 |   7.8 | 1836.0
               +-------+-------+-------+-------+-------+----------------------

Vault maps used:
D:1:      minmay_arrival_pointy
D:2:      minivault_5, minmay_crystal_water, led_sif_pool, uniq_jessica
D:3:      uniq_grinder
D:4:      minmay_temple_entry_glassed_door, uniq_robin, uniq_crazy_yiuf_cottage
D:5:      first_ration, nrook_loot_triangle
D:6:      minmay_misc_feat_roman, dk_rats_in_the_wall
D:7:      uniq_duvessa
D:8:      minitemple, hangedman_pestilent_swarm
D:9:      kennysheep_orc_monster_closet_entryway
D:10:     minmay_weird_star, lair_entry_dummy, basic_altar, serial_shops,
          nicolae_shop_stone, fedhas_altar_4
Temple:   nicolae_temple_god_jail
Lair:1:   basic_altar, minivault_19, kb_xom_exploding_sheep, grunt_megastairs_3,
          uniq_sonja
Lair:2:   minmay_swamp_entry_worms, grunt_megastairs_5,
          infiniplex_staircase_pool
Lair:3:   spider_nest_entry_funnel_web, nicolae_volcano_entry_vermiform,
          grunt_megastairs_1, uniq_fannar
Volcano:  volcano_pools
